| TOP OF THE 1ST |
|
Rice University Owls batting - Pitching for University of Arizona Wildcats : RHP Cody Humphries
|
|
Pitching: RHP Cody Humphries
|
|
|
Batting: RHB Roberto Aispuro
|
0-0: Ball 1-0: Ground out 4-3 (Groundball, 4MD, EV 83.1 MPH)
|
|
Batting: SHB Justin Towry
|
0-0: Ball 1-0: Called Strike 1-1: Foul Ball, location: 2F 1-2: Ball 2-2: Ball 3-2: Base on Balls
|
|
Batting: RHB Dave Crouch
|
0-0: Foul Ball, location: 2F 0-1: Called Strike 0-2: Foul Ball, location: 2F 0-2: Ball 1-2: Ball 2-2: SINGLE (Groundball, 6D, EV 100.0 MPH) Justin Towry to second
|
|
Batting: RHB Tony Casas
|
0-0: Ball 1-0: Ball 2-0: Called Strike 2-1: Foul Ball, location: 2F 2-2: Foul Ball, location: 2F 2-2: Ball 3-2: Foul Ball, location: 2F 3-2: Base on Balls Justin Towry to third Dave Crouch to second
|
|
Batting: RHB Logan Johnson
|
0-0: Ball 1-0: Foul Ball, location: 2F 1-1: Called Strike 1-2: Reached on error, E9 (Flyball, 9S, EV 85.6 MPH) Justin Towry scores Dave Crouch to third Tony Casas to second
|
|
Batting: RHB Josh Faulconer
|
0-0: Foul Ball, location: 2F 0-1: Ball 1-1: Fly out, F9 (Flyball, 89M, EV 90.6 MPH) Runner from 3rd tags up, SCORES, throw by RF Tony Casas to third
|
|
Batting: LHB Mason Duffy
|
0-0: Foul Ball, location: 2F 0-1: Ball 1-1: Swinging Strike 1-2: Foul Ball, location: 2F 1-2: Ball 2-2: Strikes out swinging
|
| Top of the 1st over - 2 runs, 1 hit, 1 error, 2 left on base; Rice University 2 - University of Arizona 0 |
| BOTTOM OF THE 1ST |
|
University of Arizona Wildcats batting - Pitching for Rice University Owls : RHP Jordan Rondon
|
|
Pitching: RHP Jordan Rondon
|
|
|
Batting: RHB Andy Garvin
|
0-0: Called Strike 0-1: Ball 1-1: Fly out, F7 (Flyball, 7D, EV 91.3 MPH)
|
|
Batting: RHB Miguel Villanueva
|
0-0: Ball 1-0: Called Strike 1-1: Ball 2-1: Foul Ball, location: 2F 2-2: Strikes out looking
|
|
Batting: LHB Daigo Ishii
|
0-0: Called Strike 0-1: SINGLE (Groundball, 4MD, EV 100.6 MPH)
|
|
Batting: RHB Carlos Teniente
|
0-0: Ball 1-0: Ball 2-0: Foul Ball, location: 2F 2-1: Ball 3-1: Swinging Strike 3-2: Foul Ball, location: 2F 3-2: SINGLE (Line Drive, 3D, EV 98.8 MPH) Daigo Ishii to second Daigo Ishii to third
|
|
Batting: LHB Bruce Arvizu
|
0-0: Swinging Strike 0-1: Ball 1-1: Foul Ball, location: 2F 1-2: Fielders Choice at 2nd, 6-4 (Groundball, 6, EV 88.1 MPH)
|
| Bottom of the 1st over - 0 runs, 2 hits, 0 errors, 2 left on base; Rice University 2 - University of Arizona 0 |
| TOP OF THE 2ND |
|
Rice University Owls batting - Pitching for University of Arizona Wildcats : RHP Cody Humphries
|
|
Batting: RHB Tony Beaumond
|
0-0: Fly out, F4 (Popup, 34S, EV 71.9 MPH)
|
|
Batting: RHB Toshikatsu Omori
|
0-0: Ground out U3 (Groundball, 34S, EV 79.4 MPH)
|
|
Batting: RHB Roberto Aispuro
|
0-0: Ground out 6-3 (Groundball, 6, EV 107.5 MPH)
|
| Top of the 2nd over - 0 runs, 0 hits, 0 errors, 0 left on base; Rice University 2 - University of Arizona 0 |
| BOTTOM OF THE 2ND |
|
University of Arizona Wildcats batting - Pitching for Rice University Owls : RHP Jordan Rondon
|
|
Batting: RHB Allen Deschamps
|
0-0: Called Strike 0-1: Ground out 6-3 (Groundball, 6, EV 102.5 MPH)
|
|
Batting: RHB Abdel Ambar
|
0-0: Called Strike 0-1: Ball 1-1: Ball 2-1: Fly out, F5 (Line Drive, 5, EV 68.1 MPH)
|
|
Batting: RHB Costantino Dolfini
|
0-0: Fly out, F9 (Flyball, 8RM, EV 90.0 MPH)
|
| Bottom of the 2nd over - 0 runs, 0 hits, 0 errors, 0 left on base; Rice University 2 - University of Arizona 0 |
| TOP OF THE 3RD |
|
Rice University Owls batting - Pitching for University of Arizona Wildcats : RHP Cody Humphries
|
|
Batting: SHB Justin Towry
|
0-0: Called Strike 0-1: Foul Ball, location: 2F 0-2: Ball 1-2: Ball 2-2: Ball 3-2: Base on Balls
|
|
Batting: RHB Dave Crouch
|
0-0: Called Strike 0-1: SINGLE (Groundball, 6D, EV 106.9 MPH) Justin Towry to second
|
|
Batting: RHB Tony Casas
|
0-0: Ball 1-0: Swinging Strike 1-1: Ball 2-1: Ball 3-1: Base on Balls Justin Towry to third Dave Crouch to second
|
|
Batting: RHB Logan Johnson
|
0-0: Foul Ball, location: 2F 0-1: Ball 1-1: Called Strike 1-2: Ball 2-2: Strikes out looking
|
|
Batting: RHB Josh Faulconer
|
0-0: Ball 1-0: Ball 2-0: Ball 3-0: Called Strike 3-1: Base on Balls Justin Towry scores Dave Crouch to third Tony Casas to second
|
|
Batting: LHB Mason Duffy
|
0-0: Ball 1-0: Fly out, F8 (Line Drive, 8RM, EV 93.1 MPH) Runner from 3rd tags up, SCORES, throw by CF Tony Casas to third
|
|
Batting: RHB Tony Beaumond
|
0-0: Fly out, F8 (Flyball, 8RM, EV 91.3 MPH)
|
| Top of the 3rd over - 2 runs, 1 hit, 0 errors, 2 left on base; Rice University 4 - University of Arizona 0 |
| BOTTOM OF THE 3RD |
|
University of Arizona Wildcats batting - Pitching for Rice University Owls : RHP Jordan Rondon
|
|
Batting: SHB Cesar Pelayo
|
0-0: Fly out, F8 (Flyball, 8RS, EV 78.8 MPH)
|
|
Batting: RHB Andy Garvin
|
0-0: Ball 1-0: Ball 2-0: Called Strike 2-1: Ball 3-1: Called Strike 3-2: Foul Ball, location: 2F 3-2: SINGLE (Groundball, 56S, EV 71.3 MPH) (infield hit)
|
|
Batting: RHB Miguel Villanueva
|
0-0: Called Strike 0-1: Ball 1-1: Fly out, F8 (Flyball, 8RD, EV 92.5 MPH)
|
|
Batting: LHB Daigo Ishii
|
0-0: Called Strike 0-1: Foul Ball, location: 2F 0-2: Ball 1-2: Strikes out swinging
|
| Bottom of the 3rd over - 0 runs, 1 hit, 0 errors, 1 left on base; Rice University 4 - University of Arizona 0 |
| TOP OF THE 4TH |
|
Rice University Owls batting - Pitching for University of Arizona Wildcats : RHP Cody Humphries
|
|
Pitching: RHP Yoshimatsu Sugimoto
|
|
|
Batting: RHB Toshikatsu Omori
|
0-0: Foul Ball, location: 2F 0-1: Ground out U3 (Groundball, 3, EV 103.1 MPH)
|
|
Batting: RHB Roberto Aispuro
|
0-0: Ball 1-0: Foul Ball, location: 2F 1-1: Ground out 6-3 (Groundball, 6, EV 106.9 MPH)
|
|
Batting: SHB Justin Towry
|
0-0: Foul Ball, location: 2F 0-1: Called Strike 0-2: Ball 1-2: Foul Ball, location: 2F 1-2: Ball 2-2: Strikes out swinging
|
| Top of the 4th over - 0 runs, 0 hits, 0 errors, 0 left on base; Rice University 4 - University of Arizona 0 |
| BOTTOM OF THE 4TH |
|
University of Arizona Wildcats batting - Pitching for Rice University Owls : RHP Jordan Rondon
|
|
Batting: RHB Carlos Teniente
|
0-0: Ball 1-0: Foul Ball, location: 2F 1-1: Foul Ball, location: 2F 1-2: Foul Ball, location: 2F 1-2: Foul Ball, location: 2F 1-2: Foul Ball, location: 2F 1-2: Foul Ball, location: 2F 1-2: Ball 2-2: Strikes out looking
|
|
Batting: LHB Bruce Arvizu
|
0-0: Ball 1-0: Ball 2-0: Ball 3-0: Called Strike 3-1: Fly out, F8 (Flyball, 89XD, EV 97.5 MPH)
|
|
Batting: RHB Allen Deschamps
|
0-0: Swinging Strike 0-1: Called Strike 0-2: Strikes out swinging
|
| Bottom of the 4th over - 0 runs, 0 hits, 0 errors, 0 left on base; Rice University 4 - University of Arizona 0 |
| TOP OF THE 5TH |
|
Rice University Owls batting - Pitching for University of Arizona Wildcats : RHP Yoshimatsu Sugimoto
|
|
Batting: RHB Dave Crouch
|
0-0: Fly out, F8 (Flyball, 8LS, EV 85.6 MPH)
|
|
Batting: RHB Tony Casas
|
0-0: DOUBLE (Groundball, 5L, EV 97.5 MPH)
|
|
Batting: RHB Logan Johnson
|
0-0: Foul Ball, location: 2F 0-1: Foul Ball, location: 2F 0-2: Ground out 6-3 (Groundball, P, EV 88.8 MPH) Tony Casas to third
|
|
Batting: RHB Josh Faulconer
|
0-0: Ball 1-0: Ball 2-0: Called Strike 2-1: Called Strike 2-2: Foul Ball, location: 2F 2-2: Fly out, F6 (Popup, 6MD, EV 60.6 MPH)
|
| Top of the 5th over - 0 runs, 1 hit, 0 errors, 1 left on base; Rice University 4 - University of Arizona 0 |
| BOTTOM OF THE 5TH |
|
University of Arizona Wildcats batting - Pitching for Rice University Owls : RHP Jordan Rondon
|
|
Batting: RHB Abdel Ambar
|
0-0: Ball 1-0: Ball 2-0: Ball 3-0: Called Strike 3-1: Base on Balls
|
|
Batting: RHB Costantino Dolfini
|
0-0: Ball 1-0: Foul Ball, location: 2F 1-1: Swinging Strike 1-2: Foul Ball, location: 2F 1-2: Fielders Choice at 2nd, 1-6 (Groundball, 13S, EV 61.3 MPH)
|
|
Batting: SHB Cesar Pelayo
|
0-0: Ball Pickoff Throw to First - Error! E1 Costantino Dolfini to second 1-0: Ball 2-0: Foul Ball, location: 2F 2-1: Fly out, F7 (Flyball, 7LM, EV 85.6 MPH)
|
|
Batting: RHB Andy Garvin
|
0-0: 2-RUN HOME RUN (Flyball, 78XD, EV 100.0 MPH), Distance : 400 ft
|
|
Batting: RHB Miguel Villanueva
|
0-0: Called Strike 0-1: Ball 1-1: Ball 2-1: Ball 3-1: Swinging Strike 3-2: Strikes out swinging
|
| Bottom of the 5th over - 2 runs, 1 hit, 1 error, 0 left on base; Rice University 4 - University of Arizona 2 |
| TOP OF THE 6TH |
|
Rice University Owls batting - Pitching for University of Arizona Wildcats : RHP Yoshimatsu Sugimoto
|
|
Batting: LHB Mason Duffy
|
0-0: Called Strike 0-1: Ball 1-1: Ball 2-1: Swinging Strike 2-2: Ground out U3 (Groundball, 3L, EV 82.5 MPH)
|
|
Batting: RHB Tony Beaumond
|
0-0: Ball 1-0: Fly out, F8 (Flyball, 89XD, EV 89.4 MPH)
|
|
Batting: RHB Toshikatsu Omori
|
0-0: Ball 1-0: Ball 2-0: Ground out 4-3 (Groundball, 4M, EV 101.9 MPH)
|
| Top of the 6th over - 0 runs, 0 hits, 0 errors, 0 left on base; Rice University 4 - University of Arizona 2 |
| BOTTOM OF THE 6TH |
|
University of Arizona Wildcats batting - Pitching for Rice University Owls : RHP Jordan Rondon
|
|
Pitching: LHP Alex Ramirez
|
|
|
Batting: LHB Daigo Ishii
|
0-0: Ball 1-0: Ball 2-0: Called Strike 2-1: Foul Ball, location: 2F 2-2: Strikes out swinging
|
|
Batting: RHB Carlos Teniente
|
0-0: Called Strike 0-1: Ball 1-1: Ground out 4-3 (Groundball, 4, EV 98.8 MPH)
|
|
Batting: LHB Bruce Arvizu
|
0-0: Ball 1-0: Ball 2-0: Ball 3-0: Swinging Strike 3-1: Swinging Strike 3-2: Strikes out looking
|
| Bottom of the 6th over - 0 runs, 0 hits, 0 errors, 0 left on base; Rice University 4 - University of Arizona 2 |
| TOP OF THE 7TH |
|
Rice University Owls batting - Pitching for University of Arizona Wildcats : RHP Yoshimatsu Sugimoto
|
|
Pitching: RHP Cliff Peters
|
|
|
Batting: RHB Roberto Aispuro
|
0-0: Ball 1-0: Called Strike 1-1: Fly out, F3 (Line Drive, 3, EV 65.6 MPH)
|
|
Batting: SHB Justin Towry
|
0-0: Called Strike 0-1: Foul Ball, location: 2F 0-2: Ball 1-2: Foul Ball, location: 2F 1-2: Foul Ball, location: 2F 1-2: Ball 2-2: Fly out, F7 (Flyball, 7LS, EV 90.0 MPH)
|
|
Batting: RHB Dave Crouch
|
0-0: Fly out, F9 (Flyball, 89S, EV 81.3 MPH)
|
| Top of the 7th over - 0 runs, 0 hits, 0 errors, 0 left on base; Rice University 4 - University of Arizona 2 |
| BOTTOM OF THE 7TH |
|
University of Arizona Wildcats batting - Pitching for Rice University Owls : LHP Alex Ramirez
|
|
Batting: RHB Allen Deschamps
|
0-0: Called Strike 0-1: Ball 1-1: Ball 2-1: Ground out 5-3 (Groundball, 56, EV 104.4 MPH)
|
|
Batting: RHB Abdel Ambar
|
0-0: Called Strike 0-1: Foul Ball, location: 2F 0-2: Ground out 3-1 (Groundball, 34S, EV 83.8 MPH)
|
|
Batting: RHB Costantino Dolfini
|
0-0: Ball 1-0: Called Strike 1-1: Ball 2-1: Swinging Strike 2-2: Strikes out looking
|
| Bottom of the 7th over - 0 runs, 0 hits, 0 errors, 0 left on base; Rice University 4 - University of Arizona 2 |
| TOP OF THE 8TH |
|
Rice University Owls batting - Pitching for University of Arizona Wildcats : RHP Cliff Peters
|
|
Batting: RHB Tony Casas
|
0-0: Ball 1-0: Foul Ball, location: 2F 1-1: Ball 2-1: Foul Ball, location: 2F 2-2: Ball 3-2: Base on Balls
|
|
Batting: RHB Logan Johnson
|
0-0: Ball 1-0: Foul Ball, location: 2F 1-1: Foul Ball, location: 2F 1-2: Fly out, F8 (Flyball, 89D, EV 86.3 MPH)
|
|
Batting: RHB Josh Faulconer
|
0-0: Foul Ball, location: 2F 0-1: Ball 1-1: Swinging Strike 1-2: Strikes out looking
|
|
Batting: LHB Mason Duffy
|
0-0: Ground out U3 (Groundball, 3, EV 110.0 MPH)
|
| Top of the 8th over - 0 runs, 0 hits, 0 errors, 1 left on base; Rice University 4 - University of Arizona 2 |
| BOTTOM OF THE 8TH |
|
University of Arizona Wildcats batting - Pitching for Rice University Owls : LHP Alex Ramirez
|
|
Batting: SHB Cesar Pelayo
|
0-0: Foul Ball, location: 2F 0-1: Foul Ball, location: 2F 0-2: Strikes out looking
|
|
Batting: RHB Andy Garvin
|
0-0: SINGLE (Line Drive, 4MD, EV 96.9 MPH)
|
|
Batting: RHB Miguel Villanueva
|
0-0: Ball 1-0: SINGLE (Flyball, 9S, EV 98.1 MPH) Andy Garvin to second Runner from 2nd tries for 3rd, SAFE, throw by RF made to third
|
|
Batting: RHB Andy Bachman
|
0-0: Ball 1-0: Foul Ball, location: 2F 1-1: Foul Ball, location: 2F 1-2: Foul Ball, location: 2F 1-2: Ball 2-2: Ball 3-2: Base on Balls Miguel Villanueva to second
|
|
Pitching: RHP Mike Flynn
|
|
|
Batting: RHB Carlos Teniente
|
0-0: Swinging Strike 0-1: Ball 1-1: Ball 2-1: Ball 3-1: Base on Balls Andy Garvin scores Miguel Villanueva to third Andy Bachman to second
|
|
Batting: LHB Bruce Arvizu
|
0-0: Called Strike 0-1: Swinging Strike 0-2: Ball 1-2: Strikes out looking
|
|
Batting: RHB Allen Deschamps
|
0-0: Ball 1-0: Swinging Strike 1-1: Ball 2-1: Swinging Strike 2-2: Ball 3-2: Foul Ball, location: 2F 3-2: Strikes out swinging
|
| Bottom of the 8th over - 1 run, 2 hits, 0 errors, 3 left on base; Rice University 4 - University of Arizona 3 |
| TOP OF THE 9TH |
|
Rice University Owls batting - Pitching for University of Arizona Wildcats : RHP Cliff Peters
|
|
Pinch Hitting: LHB Jeff Palmowski
|
0-0: SOLO HOME RUN (Flyball, 9D, EV 98.1 MPH), Distance : 351 ft
|
|
Batting: RHB Toshikatsu Omori
|
0-0: Called Strike 0-1: Fly out, F8 (Line Drive, 8LM, EV 92.5 MPH)
|
|
Batting: RHB Roberto Aispuro
|
0-0: Ball 1-0: SINGLE (Groundball, 6MD, EV 108.1 MPH)
|
|
Batting: SHB Justin Towry
|
0-0: Ball 1-0: Called Strike 1-1: Called Strike 1-2: Ball 2-2: Foul Ball, location: 2F 2-2: Ball 3-2: SINGLE (Groundball, 4MD, EV 97.5 MPH) Roberto Aispuro to second
|
|
Pitching: RHP Chris Santos
|
|
|
Batting: RHB Dave Crouch
|
0-0: Ball 1-0: Fly out, F8 (Flyball, 8RD, EV 100.6 MPH)
|
|
Batting: RHB Tony Casas
|
0-0: Ball 1-0: Called Strike 1-1: DOUBLE (Flyball, 89XD, EV 98.1 MPH) Roberto Aispuro scores Justin Towry to third Runner from 3rd tries for Home, SAFE, throw by RF to trailing runner, SAFE at third!
|
|
Batting: RHB Logan Johnson
|
0-0: Foul Ball, location: 2F 0-1: Ball 1-1: Fly out, F8 (Flyball, 8LD, EV 88.8 MPH)
|
| Top of the 9th over - 3 runs, 4 hits, 0 errors, 1 left on base; Rice University 7 - University of Arizona 3 |
| BOTTOM OF THE 9TH |
|
University of Arizona Wildcats batting - Pitching for Rice University Owls : RHP Mike Flynn
|
|
Now at 3B: Steve Goodall
|
|
|
Batting: RHB Abdel Ambar
|
0-0: Called Strike 0-1: Ball 1-1: Ball 2-1: Foul Ball, location: 2F 2-2: Foul Ball, location: 2F 2-2: Strikes out swinging
|
|
Pinch Hitting: LHB Rich Kuehne
|
0-0: Ball 1-0: Ball 2-0: Ball 3-0: Base on Balls
|
|
Batting: SHB Cesar Pelayo
|
0-0: Swinging Strike 0-1: Ball 1-1: Swinging Strike 1-2: Ball 2-2: Strikes out swinging
|
|
Pitching: RHP Carlos Olbera
|
|
|
Batting: RHB Andy Garvin
|
0-0: Swinging Strike 0-1: Called Strike 0-2: Strikes out looking
|
| Bottom of the 9th over - 0 runs, 0 hits, 0 errors, 1 left on base; Rice University 7 - University of Arizona 3 |
|